 Dungeon Crawl Stone Soup version 0.30-a0-553-g7fabdf1491 (webtiles) character file.

Game seed: 7093353362948875758

165 PyroL the Chiller (level 5, -4/31 (38) HPs)
             Began as a Draconian Ice Elementalist on Dec 27, 2022.
             Slain by Edmund
             ... wielding a +2 flail of draining
              (9 damage)
             ... on level 4 of the Dungeon.
             The game lasted 00:06:24 (2982 turns).

PyroL the Chiller (Draconian Ice Elementalist)      Turns: 2982, Time: 00:06:25

HP:   -4/31 (38)    AC: 11    Str: 10    XL:     5   Next: 22%
MP:   10/10         EV: 12    Int: 18    God:
Gold: 122           SH:  0    Dex: 11    Spells: 3/10 levels left

rFire   . . .      SeeInvis .    y - +2 dagger (drain)
rCold   . . .      Faith    .    (no shield)
rNeg    . . .      Spirit   .    (body armour unavailable)
rPois   .          Reflect  .    (helmet restricted)
rElec   .          Harm     .    p - scarf {repulsion}
rCorr   .          Rampage  .    (no gloves)
Will    .....                    (no boots)
Stlth   ++                       (no amulet)
HPRegen 0.25/turn                r - ring of wizardry
MPRegen 0.12/turn                (no ring)

@: ice-armoured, heavily drained, repel missiles
A: AC +5, unfitting armour, cold-blooded
a: no special abilities


You were on level 4 of the Dungeon.
You visited 1 branch of the dungeon, and saw 4 of its levels.

You collected 122 gold pieces.

Inventory:

Hand Weapons
 y - a +2 dagger of draining (weapon)
Missiles
 j - a javelin
 k - 7 poisoned darts
Armour
 p - a scarf of repulsion (worn)
Jewellery
 r - a ring of wizardry (left hand)
Wands
 o - a wand of iceblast (5)
Scrolls
 e - a scroll of teleportation {unknown}
 f - 2 scrolls of identify
 h - a scroll of noise {unknown}
 i - a scroll of acquirement {unknown}
 l - a scroll of immolation {unknown}
 m - a scroll of amnesia {unknown}
 u - a scroll of magic mapping {unknown}
 v - a scroll of blinking {unknown}
 w - 3 scrolls of brand weapon {unknown}
 x - a scroll of poison {unknown}
Potions
 b - a potion of cancellation {unknown}
 c - a potion of berserk rage {unknown}
 d - 3 potions of curing
 n - a potion of flight {unknown}
 q - 3 potions of heal wounds {unknown}
 s - a potion of invisibility {unknown}
 t - a potion of mutation {unknown}
 z - a potion of might {unknown}
 A - 2 potions of attraction {unknown}


   Skills:
 - Level 1.7 Dodging
 - Level 1.7 Stealth
 + Level 3.4 Spellcasting
 * Level 5.7 Ice Magic


You had 3 spell levels left.
You knew the following spells:

 Your Spells              Type           Power      Damage    Failure   Level
a - Freeze                Ice            92%        1d9       1%          1
b - Ozocubu's Armour      Ice            23%        N/A       1%          3
c - Frozen Ramparts       Ice            46%        1d7       1%          3

Your spell library contained the following spells:

 Spells                   Type           Power      Damage    Failure   Level
 Summon Ice Beast         Ice/Summ       13%        N/A       19%         4
 Metabolic Englaciation   Hex/Ice        6%         N/A       45%         5
 Simulacrum               Ice/Necr       6%         N/A       95%         6


Dungeon Overview and Level Annotations

Branches:
Dungeon (4/15)
 Temple: D:4-7

Altars:
Xom

Annotations:
D:4 Edmund, Sigmund


Innate Abilities, Weirdness & Mutations

Your plain brown scales are hard. (AC +5)
You cannot fit into any form of body armour.
You are cold-blooded and may be slowed by cold attacks.


Message History

The wall freezes the orc.
You closely miss the orc.
The orc is moderately wounded.
The wall freezes the orc.
The orc closely misses you.
You hit the orc.
You kill the orc!
Casting: Frozen Ramparts (safe; 1% risk of failure)
Confirm with . or Enter, or press ? or * to list all spells.
A film of ice covers your body!
The wall freezes Edmund.
Edmund drinks a potion.
Edmund seems to speed up.
The wall freezes Edmund.
The wall freezes Edmund but does no damage.
Edmund says, "You wouldn't believe how much I paid for this flail."
Edmund hits you with a +2 flail of draining!
You feel drained.
You hit Edmund.
Edmund is moderately wounded.
The frozen ramparts melt away.
Edmund hits you with a +2 flail of draining.
You feel drained.
You hit Edmund.
Edmund is moderately wounded.
Edmund hits you with a +2 flail of draining.
* * * LOW HITPOINT WARNING * * *
You feel drained.
* * * LOW HITPOINT WARNING * * *
Edmund hits you with a +2 flail of draining!
* * * LOW HITPOINT WARNING * * *
You feel drained.
* * * LOW HITPOINT WARNING * * *
As you read the scroll labelled ZOOZUH TEOSOISH, it crumbles to dust.
It is a scroll of identify.
d - 3 potions of curing Edmund hits you but does no damage.
You feel drained. Magic courses through your body.
Edmund hits you with a +2 flail of draining.
* * * LOW HITPOINT WARNING * * *
You feel drained.
Edmund hits you with a +2 flail of draining!
You die...

.......<.†<.#
##......##### ####
#......# ## #.~.
##...#.# .~.#~~≈
#####.# ..~~.~.♣#
#)#
...(~()~##########.#
~.(≈~.).@.##.....#.#
.o≈#~~≈.#@...≈≈≈†..#
.((..♣.~###..≈?≈†.##
~#≈. #≈~# #..≈≈≈.##
#. #~≈# #......# #
#~.# #.###### ##.#
#.# #.# #.# #.# #.#


You could see Edmund (fast).

Vanquished Creatures
  A scorpion (D:4)
  An orc wizard (D:4)
  2 adders (D:3)
  A worm (D:2)
  A dart slug (D:3)
  5 orcs
  4 bats
  8 endoplasms
  5 goblins
  3 hobgoblins
  2 jackals (D:1)
  4 quokkas
  6 ball pythons
  2 frilled lizards
  6 kobolds
  6 rats
57 creatures vanquished.

Vanquished Creatures (others)
  2 demonic plants (D:2)
  14 plants
  A withered plant (D:2)
17 creatures vanquished.

Grand Total: 74 creatures vanquished

Notes
Turn   | Place    | Note
-------+----------+-------------------------------------------
     0 | D:1      | PyroL the Draconian Ice Elementalist began the quest for
                  | the Orb.
     0 | D:1      | Reached XP level 1. HP: 14/14 MP: 3/3
   244 | D:1      | Reached XP level 2. HP: 20/20 MP: 5/5
  1194 | D:2      | Reached XP level 3. HP: 17/26 MP: 0/7
  1198 | D:2      | Learned a level 3 spell: Ozocubu's Armour
  1202 | D:2      | Learned a level 3 spell: Frozen Ramparts
  1622 | D:2      | Found a shimmering altar of Xom.
  1652 | D:2      | Found a faded altar of an unknown god.
  2354 | D:3      | Reached skill level 5 in Ice Magic
  2446 | D:3      | Reached XP level 4. HP: 33/33 MP: 6/8
  2765 | D:4      | Noticed Sigmund
  2836 | D:4      | Noticed a scorpion
  2843 | D:4      | Killed a scorpion
  2941 | D:4      | Reached XP level 5. HP: 27/38 MP: 1/10
  2969 | D:4      | Noticed Edmund
  2982 | D:4      | Slain by Edmund

Illustrated notes

Levels and vault maps discovered:
D:1:      amcnicky_arrival_abandoned_market, layout_loops_ring, serial_forest,
          infiniplex_forest_end_double, infiniplex_forest_clump_cross,
          infiniplex_forest_corner_2, infiniplex_forest_zigzag_1,
          infiniplex_forest_end_1, infiniplex_forest_clump_tiny,
          infiniplex_forest_clump_long, infiniplex_forest_lined_2
D:2:      layout_loops_ring, basic_altar, shapermc_ecumenical_altar_gd,
          hex_large, grunt_ministairs_10, fountainhead
D:3:      layout_basic, minmay_bisected
D:4:      layout_loops_ring, amcnicky_mini_pool_small, serial_bayou_pond_d,
          corexii_item_surrounded_by_moat, chequers_serial_rivers_marsh,
          uniq_sigmund, uniq_ijyb, uniq_edmund

Skill      XL: |  1  2  3 |
---------------+----------+-----
Spellcasting   | 3 |  3.4
Ice Magic      | 5 |  5.7
Dodging        | |  1.7
Stealth        | |  1.7

Action                   |  1- 3 |  4- 6 || total
-------------------------+-------+-------++-------
Melee: Unarmed           |     3 |       ||     3
       Tailslap          |    11 |     2 ||    13
       Dagger            |    88 |    25 ||   113
Throw: Javelin           |     1 |     8 ||     9
       Dart              |       |     6 ||     6
 Cast: Freeze            |    32 |     2 ||    34
       Frozen Ramparts   |     1 |     4 ||     5
       Ozocubu's Armour  |     1 |     3 ||     4
  Use: Scroll            |       |     1 ||     1
       Potion            |       |     1 ||     1
 Stab: Sleeping          |     4 |     1 ||     5
Armor: Skin              |    27 |     5 ||    32
Dodge: Dodged            |    60 |    14 ||    74

Table legend: (Time is in decaauts)
 A = Elapsed time spent in this place.
 B = Non-inter-level travel time spent in this place.
 C = Inter-level travel time spent in this place.
 D = Time resting spent in this place.
 E = Time spent auto-exploring this place.
 F = Levels seen in this place.
 G = Mean time per level.
                   A        B        C        D        E       F      G
               +--------+--------+--------+--------+--------+-----+--------+
         Total |   2986 |   2901 |     85 |     93 |   2281 |   4 |  746.5 |
       Dungeon |   2986 |   2901 |     85 |     93 |   2281 |   4 |  746.5 |
               +--------+--------+--------+--------+--------+-----+--------+

Top non-repeatable levels by time:
     D:1: 1182 daAuts
     D:2: 949 daAuts
     D:3: 677 daAuts
     D:4: 177 daAuts
